Unix NetHack Version 5.0.0-0 post-release - last build Jul 14 2026 02:55:29 (1809b74e8187c3a3585e283601c3028b46cbbdcb,branch:main).

Game began 2026-07-14 23:19:18, ended 2026-07-14 23:38:07.

Jinnora, neutral female human Wizard

  ------                          -------
  |.....##                        |......#
  |....| #     -------            |.>..^|#
  |....| #   ##-.....|          ##...[..|#   ---------------
  |....| #   # |......###       # |.....|#   |.............|      ---#----
  -.---- #   # |..<.^|  ##      # |.....|#*##.*..........a..######+.%%%%%|
   #     # ### -----.-   #      # -----|-##  |...........aa|      |.%%!%%|
   #     # #       ##    ##   ###      # ##  |...........a@|      |.%%%%%|
   #     # #       #      ##  #       #####  ---------------      |.%%%%%|
   #     # #    ####       #  #       # ###                       --------
   #     # #   ##          ## #       # # #
  ##     #     #            # #     ### # ##
 -.---   #     #       #########    #   #  #
 |...|   ###############------##  --|-- #  #         ^
 |...|   ##--.-------###.....|### |[..|##  #  -------|-
 |....#####|.........#  |....-# # |...|#   ###.......`|
 -----    #.........|   |....|  # |...|#      |.......|
           |........|   ------  ##..(.-#      |.......|
           ----------             -----       ---------

Jinnora the Conjurer      St:11 Dx:15 Co:13 In:17 Wi:13 Ch:8  Neutral
Dlvl:3  $:102 HP:0(32) Pw:29(39) AC:9  Xp:5/227 T:3416 

Latest messages:
 The housecat misses the newt.
 You kill the newt!
 You see here a swirly potion.
 U - a swirly potion.
 You see here a large box.
 V - a blue gem.
 W - a yellowish brown gem.
 You swap places with your housecat.
 You climb up the stairs.
 Where do you want to travel to?
 (For instructions type a '?')
 You climb up the stairs.
 Where do you want to travel to?
 (For instructions type a '?')
 You hear someone cursing shoplifters.
 What do you want to read? [h-juvKMRS or ?*] ?
 As you read the scroll, it disappears.
 A giant ant suddenly appears close by!
 A giant ant suddenly appears close by!
 A giant ant suddenly appears close by!
 A giant ant suddenly appears next to you!
 What do you want to put on? [deNT or ?*] d
 Which ring-finger, Right or Left? [rl] r
 d - an uncursed ring of regeneration (on right hand).
 The giant ant bites!
 In what direction? 4
 The spell hits the giant ant!
 The spell misses the giant ant.
 The giant ant bites!
 The giant ant bites!
 In what direction? 4
 The spell misses the giant ant.
 The spell misses the giant ant.
 The giant ant bites!
 The giant ant bites!
 The giant ant bites!
 The giant ant bites!
 The giant ant bites!
 The giant ant bites!
 The giant ant bites!
 The giant ant bites!
 What do you want to write with? [- ac-emoqsxyBCHLNTVW or ?*] -
 You write in the dust with your fingertip.
 What do you want to write in the dust here? Elbereth
 The giant ant bites!
 The giant ant bites!
 The giant ant bites!
 The giant ant bites!
 You die...
 Do you want your possessions identified? [ynq] (y) q

Inventory:
 Coins    ('$')
  $ - 102 gold pieces
 Weapons  (')')
  y - 16 uncursed +0 darts
  o - 6 blessed +0 shuriken
  x - 8 uncursed +0 daggers
  H - an uncursed +0 elven dagger (weapon in right hand)
  a - a blessed +1 quarterstaff
 Armor    ('[')
  b - an uncursed +0 cloak of magic resistance (being worn)
 Comestibles  ('%')
  Q - an uncursed fortune cookie
  D - an uncursed lichen corpse
 Scrolls  ('?')
  R - 2 blessed scrolls of blank paper
  M - 2 uncursed scrolls of blank paper
  S - a cursed scroll of blank paper
  u - an uncursed scroll of destroy armor
  K - 2 uncursed scrolls of enchant armor
  v - a blessed scroll of enchant weapon
  h - 4 uncursed scrolls of light
  i - an uncursed scroll of stinking cloud
 Potions  ('!')
  f - 2 uncursed potions of blindness
  g - 2 uncursed potions of confusion
  A - 2 uncursed potions of healing
  O - an uncursed potion of monster detection
  P - a cursed potion of object detection
  U - an uncursed potion of sleeping
 Rings    ('=')
  N - a cursed -1 ring of adornment
  d - an uncursed ring of regeneration (on right hand)
  e - an uncursed ring of searching
  T - an uncursed ring of slow digestion
 Wands    ('/')
  c - an uncursed wand of locking (0:6)
 Tools    ('(')
  n - an uncursed bell
  m - an uncursed magic marker (0:20)
 Gems/Stones  ('*')
  B - an uncursed aquamarine stone
  V - an uncursed worthless piece of blue glass
  C - an uncursed worthless piece of orange glass
  L - an uncursed worthless piece of violet glass
  q - a cursed worthless piece of violet glass
  W - an uncursed worthless piece of yellowish brown glass
  s - a cursed worthless piece of yellowish brown glass

Jinnora the Wizard's attributes:

Background:
 You were a Conjurer, a level 5 female human Wizard.
 You were neutral, on a mission for Thoth
 who was opposed by Ptah (lawful) and Anhur (chaotic).
 You were right-handed.
 You were in the Dungeons of Doom, on level 3.
 You entered the dungeon 3416 turns ago.
 It was nighttime.
 There was a new moon in effect when your adventure ended.
 You had 227 experience points, 93 more were needed to attain level 6.

Basics:
 You had 0 out of 32 hit points.
 You had 29 out of 39 energy points (spell power).
 Your armor class was 9.
 Your wallet contained 102 zorkmids.
 Autopickup was off.

Final Characteristics:
 Your strength was 11 (limit:18/100).
 Your dexterity was 15 (limit:18).
 Your constitution was 13 (limit:18).
 Your intelligence was 17 (limit:18).
 Your wisdom was 13 (limit:18).
 Your charisma was 8 (limit:18).

Final Status:
 You weren't hungry.
 You were unencumbered.
 You were wielding a dagger.
 You had basic skill with dagger.

Final Attributes:
 You were piously aligned.
 You were magic-protected.
 You were telepathic.
 You regenerated.
 You were warded.
 You are dead.

Miscellaneous:
 You didn't encounter any bones levels.
 Total elapsed playing time was 18 minutes and 48 seconds.

Major events:
 Turn
    1: Jinnora the neutral female human Wizard entered the dungeon
  482: entered the Gnomish Mines
  764: attained the rank of Conjurer (level 3)
 3416: killed by a giant ant

Spells:
 Name                 Level Category     Fail Retention
 force bolt             1   attack         0%   81%-90%
 detect monsters        1   divination     0%  76%-100%
 remove curse           3   clerical      93%  76%-100%
 wizard lock            2   matter        61%  76%-100%
 levitation             4   escape       100%  76%-100%
 extra healing          3   healing       93%  76%-100%

Skills:
 Fighting Skills
   bare handed combat [Unskilled]
   riding             [Unskilled]
 Weapon Skills
   dagger             [Basic]
   knife              [Unskilled]
   axe                [Unskilled]
   short sword        [Unskilled]
   club               [Unskilled]
   mace               [Unskilled]
   quarterstaff       [Basic]
   polearms           [Unskilled]
   spear              [Unskilled]
   trident            [Unskilled]
   sling              [Unskilled]
   dart               [Unskilled]
   shuriken           [Unskilled]
 Spellcasting Skills
   attack spells      [Basic]
   healing spells     [Unskilled]
   divination spells  [Unskilled]
   enchantment spells [Basic]
   clerical spells    [Unskilled]
   escape spells      [Unskilled]
   matter spells      [Unskilled]

Voluntary challenges:
 Character rerolling was not enabled.
 You never genocided any monsters.
 You never polymorphed an object.
 You never changed form.
 You used no wishes.
Achievements:
 You entered the Gnomish Mines.
 You attained the rank of Conjurer.
 You entered a shop.

 The Dungeons of Doom: levels 1 to 5
    Level 1:
       A grave.
    Level 2:
       Stairs down to The Gnomish Mines.
    Level 3: <- You were here.
       A food shop, an altar to Thoth.
       Final resting place for
          you, killed by a giant ant.
    Level 4:
       A fountain.
    Level 5:
 The Gnomish Mines:
    Level 3:


Vanquished creatures:
  a leprechaun
  a gnome leader
  a gray ooze
  a paper golem
  a little dog
  3 floating eyes
  2 dwarves
  a homunculus
  a kobold shaman
  a dwarf zombie
  a werejackal
  2 iguanas
 an acid blob
  2 coyotes
  2 hobbits
  a large kobold
  3 giant rats
  4 cave spiders
  2 brown molds
  6 gnomes
  a garter snake
  a gnome zombie
  2 geckos
  7 jackals
  a fox
  3 sewer rats
  9 grid bugs
  2 lichens
  2 kobold zombies
  9 newts
74 creatures vanquished.

No species were genocided or became extinct.

Game over:
                       ----------
                      /          \
                     /    REST    \
                    /      IN      \
                   /     PEACE      \
                  /                  \
                  |     Jinnora      |
                  |      102 Au      |
                  |   killed by a    |
                  |    giant ant     |
                  |                  |
                  |                  |
                  |       2026       |
                 *|     *  *  *      | *
        _________)/\\_//(\/(/\)/\//\/|_)_______

Goodbye Jinnora the Wizard...

You died in The Dungeons of Doom on dungeon level 3 with 1200 points,
and 102 pieces of gold, after 3416 moves.
You were level 5 with a maximum of 32 hit points when you died.

